 Dungeon Crawl Stone Soup version 0.31.0-1-g2c135a0 (webtiles) character file.

Game seed: 1845494718049627417

16 jagoly the Trooper (level 2, -3/19 HPs)
             Began as a Gargoyle Monk on Jan 28, 2024.
             Slain by a ribbon worm (7 damage)
             ... on level 3 of the Dungeon.
             The game lasted 00:01:52 (366 turns).

jagoly the Trooper (Gargoyle Monk)                   Turns: 366, Time: 00:01:53

Health: -3/19      AC:  4    Str: 14    XL:     2   Next: 58%
Magic:  2/2        EV: 12    Int: 10    God:
Gold:   26         SH:  0    Dex: 12    Spells: 1/1 levels left

rFire   . . .        a - +0 hand axe
rCold   . . .        d - orb {light}
rNeg    + . .        e - +0 robe
rPois   ∞            (no helmet)
rElec   +            (no cloak)
rCorr   .            (no gloves)
SInv    .            (no boots)
Will    .....        (no amulet)
Stlth   +            (no ring)
HPRegen 0.23/turn    (no ring)
MPRegen 0.08/turn

%: no passive effects
@: glowing
A: sickness immunity, AC +2, negative energy resistance 1, electricity
resistance, torment resistance 1, petrification resistance
a: no special abilities


You were on level 3 of the Dungeon.
You visited 1 branch of the dungeon, and saw 3 of its levels.

You collected 26 gold pieces.

Inventory:

Hand Weapons
 a - a +0 hand axe (weapon)
 b - a +0 sling
 f - a +0 spear
Missiles
 g - 5 stones (quivered)
Armour
 d - an orb of light (worn)
 e - a +0 robe (worn)
Jewellery
 h - an amulet of faith
Scrolls
 i - a scroll of poison {unknown}
Potions
 c - a potion of ambrosia


   Skills:
 + Level 3.5 Fighting
 * Level 3.1 Axes
 - Level 2.4 Dodging
 + Level 1.1 Stealth


You had one spell level left.
You didn't know any spells.
Your spell library contained the following spells:

 Spells                   Type           Power      Damage    Failure   Level
 Apportation              Tloc           0%         N/A       36%         1
 Jinxbite                 Hex            0%         N/A       50%         2
 Alistair's Intoxication  Alch           0%         N/A       100%        5


Dungeon Overview and Level Annotations

Branches:
Dungeon (3/15) Zot: 17627

Altars:


Innate Abilities, Weirdness & Mutations

You are immune to sickness and miasma.
Your stone body is resilient. (AC +2)
You are immune to poison.
You resist negative energy. (rN+)
You are resistant to electric shocks. (rElec)
You are resistant to unholy torment.
You are immune to petrification.


Message History

Welcome, jagoly the Gargoyle Monk.
Are you destined to find the fantabulous Orb of Zot, or to die trying?
Press ? for a list of commands and other information.
Found a staircase leading out of the dungeon.
You open the door.
Found a sling.
Found an escape hatch in the floor.
Found 13 gold pieces.
There is an open door here.
A quokka comes into view.
You see here a +0 sling.
e - a +0 sling Adjust (i)tems, (s)pells, or (a)bilities?
e - a +0 sling Adjust to which letter? (? for menu, Esc to quit)
b - a +0 sling;
e - a +0 robe (worn)
b - a +0 sling (weapon)
You shoot a sling bullet.
The sling bullet hits the quokka but does no damage.
a - a +0 hand axe (weapon)
The quokka closely misses you.
You closely miss the quokka. The quokka barely misses you.
You hit the quokka.
The quokka is almost dead.
The quokka barely misses you. The quokka bites you.
You hit the quokka.
You kill the quokka!
No target in view!
No target in view!
A bat comes into view.
A bat is nearby!
The bat closely misses you.
You hit the bat but do no damage. The bat barely misses you.
The bat closely misses you. The bat closely misses you.
The bat barely misses you.
You barely miss the bat. The bat barely misses you. The bat closely misses you.
You hit the bat.
The bat is severely wounded.
The bat hits you. The bat closely misses you.
You slash the bat!
You kill the bat!
No target in view!
You now have 13 gold pieces.
You open the door.
There is an open door here.
A bat comes into view.
The bat hits you.
You hit the bat.
You kill the bat!
No target in view!
No target in view!
No target in view!
You see here a bat corpse.
HP restored.
A kobold comes into view.
It is wielding a +0 short sword of speed.
You hit the kobold but do no damage.
The kobold hits you but does no damage. x2
You hit the kobold but do no damage. The kobold misses you.
You hit the kobold but do no damage.
The kobold hits you with a +0 short sword of speed.
The kobold closely misses you.
You slash the kobold!
You kill the kobold!
No target in view!
No target in view!
Things that are here:
a +0 short sword of speed; a kobold corpse
Found a faded altar of an unknown god.
There is a faded altar of an unknown god here.
This altar belongs to (a) Dithmenos, (b) Lugonu or (c) Ashenzari, but you can't tell which.
Press the corresponding letter to learn more about a god, or press enter to convert or escape to cancel.
Okay, then.
HP restored.
HP restored.
Found a spear.
A hobgoblin comes into view.
The hobgoblin shouts!
You hit the hobgoblin.
You kill the hobgoblin!
No target in view!
No target in view!
A bat comes into view.
A bat is nearby!
The bat hits you but does no damage.
You closely miss the bat. The bat barely misses you. The bat misses you.
There are no items here.
You hit the bat.
The bat is severely wounded.
The bat hits you but does no damage. The bat completely misses you.
You hit the bat.
You kill the bat!
You see here a +0 spear.
f - a +0 spear
Found a robe.
A giant cockroach comes into view.
The giant cockroach moves out of view.
The giant cockroach barely misses you.
You hit the giant cockroach.
The giant cockroach is severely wounded.
The giant cockroach misses you.
You hit the giant cockroach.
You kill the giant cockroach!
Your Axes skill increases to level 3!
You have reached level 2!
You see here a giant cockroach corpse.
Found a stone staircase leading down.
There is a stone staircase leading down here.
You climb downwards.
The goblin shouts!
You hear a shout!
Found a book of Party Tricks.
There is a stone staircase leading up here.
A hobgoblin comes into view.
You see here a book of Party Tricks.
You pick up a book of Party Tricks and begin reading...
You add the spells Apportation, Jinxbite and Alistair's Intoxication to your library.
You hit the goblin but do no damage. The goblin hits you with a +0 dagger.
The goblin hits you but does no damage.
You hit the hobgoblin but do no damage. You hit the goblin.
The hobgoblin hits you. The goblin barely misses you.
You hit the goblin.
You kill the goblin!
You hit the hobgoblin.
You kill the hobgoblin!
No target in view!
No target in view!
Things that are here:
a +0 dagger; a goblin corpse HP restored.
HP restored.
You open the door.
A kobold comes into view. It is wielding a +0 whip.
The kobold shouts!
The kobold throws a stone.
The stone barely misses you.
There is an open door here.
The kobold completely misses you.
You hit the kobold.
The kobold is severely wounded.
The kobold hits you with a +0 whip.
You barely miss the kobold.
The kobold is severely wounded.
The kobold hits you but does no damage.
You hit the kobold.
You kill the kobold!
Your Stealth skill increases to level 1!
No target in view!
Things that are here:
a +0 whip; 5 stones; a kobold corpse
Things that are here:
a +0 whip; 5 stones; a kobold corpse
g - 5 stones HP restored.
There is an open door here.
Found a thick jade amulet.
h - an amulet of faith
There is an open door here.
You open the door.
There is an open door here.
Found a stone staircase leading up.
There is a stone staircase leading up here.
Okay, then.
You climb upwards.
The kobold shouts!
The rat squeaks loudly.
Found a dagger and a scroll labelled PAEQYM WOCHI.
There is a stone staircase leading down here.
The kobold completely misses you.
You hit the kobold.
You kill the kobold!
You barely miss the rat. The rat barely misses you.
You hit the rat.
The rat is heavily wounded.
The rat bites you but does no damage.
You hit the rat.
You kill the rat!
No target in view!
Things that are here:
a +0 club; a +0 dagger; a kobold corpse
There is a stone staircase leading down here.
i - a scroll labelled PAEQYM WOCHI
There is a stone staircase leading down here.
You climb downwards.
There is a stone staircase leading up here.
A quokka comes into view.
A quokka is nearby!
You hit the quokka but do no damage. The quokka barely misses you.
You closely miss the quokka. The quokka closely misses you.
The quokka bites you.
You hit the quokka.
You kill the quokka!
No target in view!
No target in view!
Found 13 gold pieces.
You now have 26 gold pieces (gained 13).
A bat comes into view.
The bat moves out of view.
Found a stone staircase leading down.
A bat is nearby!
You slash the bat!
You kill the bat!
You see here a bat corpse.
There is a stone staircase leading down here.
You climb downwards.
There is a stone staircase leading up here.
You hit the ribbon worm.
The ribbon worm is moderately wounded.
The ribbon worm bites you.
You hit the ribbon worm.
The ribbon worm is heavily wounded.
The ribbon worm completely misses you.
You hit the ribbon worm but do no damage.
The ribbon worm is heavily wounded.
The ribbon worm bites you.
You hit the ribbon worm but do no damage.
The ribbon worm is heavily wounded.
The ribbon worm expels a string of sticky webbing.
The stream of webbing hits you but does no damage.
You are caught in a web!
You struggle to detach yourself from the web.
The ribbon worm bites you.
The web tears apart.
A hobgoblin comes into view.
The ribbon worm bites you but does no damage.
You hit the ribbon worm.
The ribbon worm is moderately wounded.
You hit the frilled lizard.
You kill the frilled lizard!
The ribbon worm bites you.
* * * LOW HITPOINT WARNING * * *
You are too injured to fight recklessly!
Cleave: a) +0 hand axe
Press: ? - help, Dir - move target, f - ribbon worm
Aim: a ribbon worm (moderately wounded, catching its breath, haloed, about 3% to evade your +0 hand axe)
You hit the ribbon worm but do no damage.
The ribbon worm is moderately wounded.
The ribbon worm closely misses you.
Cleave: a) +0 hand axe
Press: ? - help, Dir - move target, f/p - ribbon worm
Aim: a ribbon worm (lightly wounded, haloed, about 3% to evade your +0 hand axe)
You slash the ribbon worm!
The ribbon worm is heavily wounded.
The ribbon worm closely misses you.
Cleave: a) +0 hand axe
Press: ? - help, Dir - move target, f/p - ribbon worm
Aim: a ribbon worm (heavily wounded, haloed, about 3% to evade your +0 hand axe)
You hit the ribbon worm.
The ribbon worm is almost dead.
You hit the hobgoblin. The hobgoblin barely misses you.
The ribbon worm closely misses you.
The hobgoblin attacks as it pursues you!
The hobgoblin hits you.
* * * LOW HITPOINT WARNING * * *
The ribbon worm attacks as it pursues you!
The ribbon worm bites you!
You die...

...... ..... ♣...♣
♣♣...♣ .#♣ ....
.... ##.. #
.....##..#####....
#....gw@....#
....#.<#####..# .
#..# # #... .....
#....## ...#.#
#..# .# ... .#


You could see a ribbon worm and a hobgoblin.

Vanquished Creatures
  A giant cockroach (D:1)
  2 hobgoblins
  2 quokkas
  4 bats
  A frilled lizard (D:3)
  A goblin (D:2)
  3 kobolds
  A rat (D:1)
15 creatures vanquished.

Notes
Turn   | Place    | Note
-------+----------+-------------------------------------------
     0 | D:1      | jagoly the Gargoyle Monk began the quest for the Orb.
     0 | D:1      | Reached XP level 1. HP: 14/14 MP: 1/1
    87 | D:1      | Found a faded altar of an unknown god.
   166 | D:1      | Reached XP level 2. HP: 19/19 MP: 2/2
   224 | D:2      | Reached skill level 1 in Stealth
   366 | D:3      | Slain by a ribbon worm

Illustrated notes

Levels and vault maps discovered:
D:1:      minmay_arrival_split_and_join, layout_basic, basic_ecumenical_altar
D:2:      layout_loops_corners, uniq_terence
D:3:      layout_rooms, fedhas_altar_fruit_tree

Skill      XL: |  1  2 |
---------------+-------+-----
Axes           | 3 |  3.1
Stealth        | 1 |  1.1
Fighting       | |  3.5
Dodging        | |  2.4

Action                     || total
---------------------------++-------
  Melee: Hand axe          ||    40
   Fire: Sling             ||     1
 Armour: Robe              ||    22
  Dodge: Dodged            ||    30
